 Dungeon Crawl Stone Soup version 0.31-a0-145-g046c7d2549 (webtiles) character file.

Game seed: 5211879971159877376

1221 holysushi the Magician (level 8, -5/54 HPs)
             Began as a Djinni Necromancer on June 6, 2023.
             Was a High Priest of Ignis.
             Slain by a wight
             ... wielding a +4 mace
              (11 damage)
             ... on level 5 of the Dungeon.
             The game lasted 00:11:19 (4401 turns).

holysushi the Magician (Djinni Necromancer)         Turns: 4401, Time: 00:11:20

Health: -5/54      AC:  5    Str:  7    XL:     8   Next: 75%
Gold:   351        EV: 14    Int: 17    God:    Ignis [*****.] SH:  0 Dex: 16

rFire   + + +        h - +1 dagger (venom)
rCold   x . .        (no shield)
rNeg    . . .        u - +0 robe {Will+}
rPois   ∞            t - +2 hat
rElec   .            (no cloak)
rCorr   .            s - +0 pair of gloves
SInv    .            (boots unavailable)
Will    +....        (no amulet)
Stlth   ++           (no ring)
HPRegen 0.29/turn    (no ring)
MPRegen 0.00/turn

%: infuse magic (-6 HP)
@: flying
A: sickness immunity, fire resistance 2, cold vulnerability 1, float, innate
caster, HP casting, extra vitality 1
a: Renounce Religion, Fiery Armour, Foxfire Swarm, Rising Flame


You were on level 5 of the Dungeon.
You worshipped Ignis.
Ignis was extremely pleased with you.
You visited 1 branch of the dungeon, and saw 6 of its levels.

You collected 351 gold pieces.

Inventory:

Hand Weapons
 h - a +1 dagger of venom (weapon)
Armour
 s - a +0 pair of gloves (worn)
 t - a +2 hat (worn)
 u - a +0 robe of willpower (worn)
Scrolls
 a - a scroll of blinking {unknown}
 c - a scroll of fog {unknown}
 j - a scroll of poison
 m - 2 scrolls of torment
 n - a scroll of identify
 o - a scroll of enchant weapon
 r - a scroll of teleportation
Potions
 b - 5 potions of curing
 d - a potion of resistance {unknown}
 e - a potion of enlightenment {unknown}
 f - 2 potions of haste {unknown}
 g - a potion of magic {unknown}
 i - 3 potions of might {unknown}
 k - a potion of berserk rage {unknown}
 l - a potion of degeneration {unknown}
 p - 2 potions of brilliance {unknown}
 q - a potion of ambrosia {unknown}


   Skills:
 - Level 2.0 Fighting
 - Level 5.0 Dodging
 - Level 1.5 Stealth
 + Level 7.3 Spellcasting
 + Level 7.3 Conjurations
 + Level 7.3 Hexes
 + Level 7.3 Summonings
 + Level 7.3 Necromancy
 + Level 7.3 Translocations
 + Level 7.3 Transmutations
 + Level 7.3 Fire Magic
 + Level 7.3 Ice Magic
 + Level 7.3 Air Magic
 + Level 7.3 Earth Magic
 + Level 7.3 Poison Magic


You knew the following spells:

 Your Spells              Type           Power      Damage    Failure   Level
a - Necrotise             Necr           100%       1d9       1%          1
b - Vampiric Draining     Necr           31%        2d8       1%          3
c - Animate Dead          Necr           31%        N/A       5%          4
d - Agony                 Necr           31%        N/A       16%         5
e - Shock                 Conj/Air       100%       1d9       1%          1
f - Scorch                Fire           62%        2d8       1%          2
g - Volatile Blastmotes   Fire/Tloc      62%        2d15      1%          3
Your spell library was empty.

Dungeon Overview and Level Annotations

Branches:
Dungeon (6/15) Zot: 26891  Temple (0/1) D:4

Altars:
Okawaru
Yredelemnul
Ignis

Shops:
D:4 =:

Annotations:
D:3 3 runed translucent doors, rz's ghost, amateur MiBe


Innate Abilities, Weirdness & Mutations

You are immune to sickness and miasma.
You are immune to poison.
Your flesh is very heat resistant. (rF++)
You are vulnerable to cold. (rC-)
You float through the air rather than walking.
You learn spells naturally, not from books.
Your magical power is your life essence.
You have superior vitality. (+4 MHP)


Message History

Confirm with . or Enter, or press ? or * to list all spells.
Flames lash the black bear.
The black bear is moderately wounded.
The black bear's fire resistance burns away.
An iguana comes into view.
The wight barely misses you. The ufetubus completely misses you.
The ufetubus hits you but does no damage.
The ufetubus hits you but does no damage.
The ufetubus misses you. The wight hits you with a +4 mace!
The wight barely misses you. The ufetubus barely misses you. x2
You fly upwards.
There is a stone staircase leading down here.
Casting: Scorch (safe; 1% risk of failure)
Confirm with . or Enter, or press ? or * to list all spells.
Okay, then.
The ufetubus attacks as you move away! The ufetubus closely misses you. x2
The ufetubus is no longer more vulnerable to fire.
Casting: Scorch (safe; 1% risk of failure)
Confirm with . or Enter, or press ? or * to list all spells.
Flames lash the wight.
The wight is burned terribly!
You destroy the wight!
The ufetubus closely misses you. The ufetubus barely misses you.
Casting: Scorch (safe; 1% risk of failure)
Confirm with . or Enter, or press ? or * to list all spells.
Flames lash the ufetubus.
The ufetubus is burned terribly!
You kill the ufetubus!
Casting: Scorch (safe; 1% risk of failure)
Confirm with . or Enter, or press ? or * to list all spells.
Flames lash the wight but do no damage.
* * * LOW HITPOINT WARNING * * *
The wight hits you with a +4 mace!
* * * LOW HITPOINT WARNING * * *
Casting: Scorch (safe; 1% risk of failure)
Confirm with . or Enter, or press ? or * to list all spells.
Flames lash the wight.
The wight is moderately damaged.
The wight's fire resistance burns away.
* * * LOW HITPOINT WARNING * * *
The wight hits you with a +4 mace!
You die...

#######.....######
#.................
#.#####.#.#.###### #.#
#.#.#....... #.#
#.#.##...... #.#
#.#.##.###.. #.#
#.#.##.# #..
#.#####.#.##.# #..
#@##....#.##.###..
###z##.####.##..<...
##.#.##.# #.........
##..>....############.
##..<........#######
##
#................?.#
##...........#####.##
##.................#
##.#.......#####..###


You could see a wight (combustible).

Vanquished Creatures
  Grinder (D:3)
  Sigmund (D:2)
  2 black bears
  A phantom (D:5)
  A wight (D:5)
  3 jellies (D:5)
  3 hounds
  Crazy Yiuf (D:4)
  3 orc priests (D:4)
  A sleepcap (D:5)
  2 iguanas (D:4)
  An orc wizard (D:4)
  8 adders
  A white imp (D:5)
  2 ufetubi (D:5)
  An adder zombie (D:3)
  2 worms
  2 dart slugs
  5 orcs
  6 endoplasms
  2 giant cockroaches
  9 goblins
  4 hobgoblins
  6 kobolds
  3 quokkas
  5 ball pythons
  A ball python zombie (D:3)
  2 bats (D:1)
  2 frilled lizards (D:1)
  7 rats
88 creatures vanquished.

Vanquished Creatures (collateral kills)
  A kobold (D:1)
1 creature vanquished.

Vanquished Creatures (others)
  20 foxfires (D:2)
20 creatures vanquished.

Grand Total: 109 creatures vanquished

Notes
Turn   | Place    | Note
-------+----------+-------------------------------------------
     0 | D:1      | holysushi the Djinni Necromancer began the quest for the
                  | Orb.
     0 | D:1      | holysushi set off with the following spells memorised:
                  | Necrotise, Vampiric Draining, Animate Dead, Agony.
     0 | D:1      | Reached XP level 1. HP: 15/15 MP: 0/0
    80 | D:1      | Reached XP level 2. HP: 17/22 MP: 0/0
   463 | D:1      | Reached skill level 1 in Fighting
   502 | D:1      | Reached XP level 3. HP: 24/27 MP: 0/0
   502 | D:1      | Learned a level 1 spell: Shock
   548 | D:1      | Found a faded altar of an unknown god.
   565 | D:1      | Prayed at the altar of an unknown god.
   565 | D:1      | Became a worshipper of Ignis, the Dying Flame
  1075 | D:2      | Reached XP level 4. HP: 28/33 MP: 0/0
  1395 | D:2      | Noticed Sigmund
  1409 | D:2      | Killed Sigmund
  1410 | D:2      | Reached XP level 5. HP: 38/38 MP: 0/0
  1410 | D:2      | Learned a level 2 spell: Scorch
  1410 | D:2      | Reached XP level 6. HP: 43/43 MP: 0/0
  1515 | D:3      | Noticed Grinder
  1519 | D:3      | Paralysed by Grinder for 3 turns
  1527 | D:3      | Killed Grinder
  1528 | D:3      | Reached skill level 5 in Dodging
  1528 | D:3      | Reached skill level 5 in Spellcasting
  1528 | D:3      | Reached skill level 5 in Conjurations
  1528 | D:3      | Reached skill level 5 in Hexes
  1528 | D:3      | Reached skill level 5 in Summonings
  1528 | D:3      | Reached skill level 5 in Necromancy
  1528 | D:3      | Reached skill level 5 in Translocations
  1528 | D:3      | Reached skill level 5 in Transmutations
  1528 | D:3      | Reached skill level 5 in Fire Magic
  1528 | D:3      | Reached skill level 5 in Ice Magic
  1528 | D:3      | Reached skill level 5 in Air Magic
  1528 | D:3      | Reached skill level 5 in Earth Magic
  1528 | D:3      | Reached skill level 5 in Poison Magic
  1528 | D:3      | Reached XP level 7. HP: 23/49 MP: 0/0
  1528 | D:3      | Learned a level 3 spell: Volatile Blastmotes
  1639 | D:3      | Found an iron altar of Okawaru.
  1906 | D:3      | Found a runed translucent gate.
  1906 | D:3      | Found a runed translucent gate.
  1906 | D:3      | Found a runed translucent gate.
  1906 | D:3      | Noticed rz's ghost (amateur MiBe)
  1908 | D:3      | Found a basalt altar of Yredelemnul.
  2564 | D:4      | Found a staircase to the Ecumenical Temple.
  2565 | D:4      | Found Xavomm's Jewellery Shoppe.
  2635 | D:4      | Found Cimupi's Self-Improvement Boutique.
  2774 | D:4      | Reached XP level 8. HP: 9/54 MP: 0/0
  2966 | D:4      | Found a runed translucent door.
  2967 | D:4      | Noticed Crazy Yiuf
  3085 | D:4      | Killed Crazy Yiuf
  3315 | D:5      | Entered Level 5 of the Dungeon
  4401 | D:5      | Slain by a wight

Illustrated notes

Levels and vault maps discovered:
D:1:      dpeg_arrival_tiny_a, layout_loops_ring,
          shapermc_ecumenical_altar_flowoftime, minmay_heptomino_w4
D:2:      layout_rooms, minmay_pentomino_pile, uniq_sigmund
D:3:      layout_loops_ring, amcnicky_altar_gilded,
          nicolae_yredelemnul_ghost_church, kennysheep_okawaru_gauntlet,
          roderic_lattice_a, serial_bayou_lagoon_a, uniq_grinder
D:4:      layout_cave_pools, minmay_temple_entry_proselytizer, serial_shops,
          shop, minivault_24, nicolae_shop_self_help, uniq_crazy_yiuf_cottage
D:5:      layout_loops_ring
D:6:      minmay_diamond_boxcup, layout_rooms, mainiacjoe_overflow_alcove_2,
          chequers_serial_rivers_room_b, minmay_ogre_servants

Skill      XL: |  1  2  3  4  5  6  7  8 |
---------------+-------------------------+-----
Fighting       | 1 2 |  2.0
Dodging        | 3 4 5 |  5.0
Spellcasting   | 4 5 6 7 |  7.3
Conjurations   | 4 5 6 7 |  7.3
Hexes          | 4 5 6 7 |  7.3
Summonings     | 4 5 6 7 |  7.3
Necromancy     | 4 5 6 7 |  7.3
Translocations | 4 5 6 7 |  7.3
Transmutations | 4 5 6 7 |  7.3
Fire Magic     | 4 5 6 7 |  7.3
Ice Magic      | 4 5 6 7 |  7.3
Air Magic      | 4 5 6 7 |  7.3
Earth Magic    | 4 5 6 7 |  7.3
Poison Magic   | 4 5 6 7 |  7.3
Stealth        | |  1.5

Action                     |  1- 3 |  4- 6 |  7- 9 || total
---------------------------+-------+-------+-------++-------
  Melee: Dagger            |    22 |       |    40 ||    62
         Unarmed           |     1 |       |       ||     1
         Punch             |       |       |     1 ||     1
   Cast: Necrotise         |    43 |     3 |    17 ||    63
         Scorch            |       |     7 |    29 ||    36
         Vampiric Draining |       |       |    32 ||    32
         Shock             |       |       |    12 ||    12
         Volatile Blastmot |       |       |     2 ||     2
 Invoke: Foxfire Swarm     |       |     1 |       ||     1
    Use: Scroll            |       |       |     8 ||     8
   Stab: Sleeping          |     4 |       |     1 ||     5
 Armour: Robe              |     9 |       |    20 ||    29
  Dodge: Dodged            |    15 |     1 |    72 ||    88

Table legend: (Time is in decaauts)
 A = Elapsed time spent in this place.
 B = Non-inter-level travel time spent in this place.
 C = Inter-level travel time spent in this place.
 D = Time resting spent in this place.
 E = Time spent auto-exploring this place.
 F = Levels seen in this place.
 G = Mean time per level.
                   A        B        C        D        E       F      G
               +--------+--------+--------+--------+--------+-----+--------+
         Total |   4400 |   4166 |    234 |    311 |   3069 |   6 |  733.3 |
       Dungeon |   4400 |   4166 |    234 |    311 |   3069 |   6 |  733.3 |
               +--------+--------+--------+--------+--------+-----+--------+

Top non-repeatable levels by time:
     D:5: 1033 daAuts
     D:3: 1026 daAuts
     D:1: 942 daAuts
     D:4: 855 daAuts
     D:2: 528 daAuts
     D:6: 13 daAuts
